 Dungeon Crawl Stone Soup version 0.31-a0-112-gdf0485fa37 (webtiles) character file.

Game seed: 2809534774174062218

9023 Flubber the Arsonist (level 11, -12/59 (61) HPs)
             Began as an Octopode Fire Elementalist on May 28, 2023.
             Was a Priest of Sif Muna.
             Mangled by a spectral orc warlord
             ... wielding a +0 long sword
             ... summoned by Nergalle
              (19 damage)
             ... on level 11 of the Dungeon.
             The game lasted 00:38:42 (15479 turns).

Flubber the Arsonist (Octopode Fire Elementalist)  Turns: 15479, Time: 00:38:44

HP:   -12/59 (61)   AC:  1    Str:  7    XL:     11   Next: 40%
MP:   11/15         EV: 23    Int: 26    God:    Sif Muna [***...]
Gold: 373           SH:  0    Dex: 18    Spells: 2/16 levels left

rFire   . . .        C - +7 shortbow of Cuojis {flame, Fragile rN++ Int+3}
rCold   . . .        (shield currently unavailable)
rNeg    + + .        (helmet restricted)
rPois   .            y - amulet of faith
rElec   .            b - ring of wizardry
rCorr   .            B - +6 ring of dexterity
SInv    .            j - +5 ring of evasion
Will    .....        A - ring of flight
Stlth   ++++         (no ring)
HPRegen 0.29/turn    (no ring)
MPRegen 0.14/turn    (no ring)
                     (no ring)

%: faith, wizardry (x1)
@: flying, lightly drained, invisible
A: almost no armour, amphibious, 8 rings, camouflage 1, gelatinous body 1,
(nimble swimmer 1), tentacles
a: Renounce Religion, Channel Magic, Forget Spell


You were on level 11 of the Dungeon.
You worshipped Sif Muna.
Sif Muna was most pleased with you.
You visited 2 branches of the dungeon, and saw 12 of its levels.
You also visited: Sewer.

You collected 581 gold pieces.
You spent 208 gold pieces at shops.

Inventory:

Hand Weapons
 c - a +2 broad axe
 C - the +7 shortbow of Cuojis (weapon) {flame, Fragile rN++ Int+3}
   (You bought it in a shop on level 10 of the Dungeon)

   Int:       It affects your intelligence (+3).
   rN:        It greatly protects you from negative energy.
   Fragile:   It will be destroyed if unequipped.
Missiles
 i - 42 poisoned darts
Jewellery
 b - a ring of wizardry (left tentacle)
 j - a +5 ring of evasion (on tentacle)
 w - an amulet of guardian spirit
 y - an amulet of faith (around mantle)
 A - a ring of flight (on tentacle)
 B - a +6 ring of dexterity (right tentacle)
Wands
 q - a wand of mindburst (8)
 u - a wand of roots (13)
 x - a wand of flame (12)
Scrolls
 a - a scroll of identify
 e - 2 scrolls of magic mapping
 g - 2 scrolls of amnesia
 n - 4 scrolls of enchant armour
 s - 4 scrolls of teleportation
Potions
 d - a potion of ambrosia
 f - 3 potions of might
 h - 3 potions of curing
 k - 2 potions of haste
 l - 2 potions of invisibility
 m - a potion of brilliance
 o - 2 potions of lignification
 p - a potion of heal wounds
 r - 2 potions of enlightenment
 v - a potion of attraction
 z - a potion of mutation
Miscellaneous
 D - a phantom mirror


   Skills:
 + Level 0.9 Ranged Weapons
 + Level 8.5 Dodging
 - Level 5.0 Stealth
 - Level 3.0 Spellcasting
 + Level 8.2 Conjurations
 * Level 9.1 Fire Magic
 - Level 4.0 Ice Magic
 - Level 6.0 Air Magic
 - Level 5.2 Poison Magic
 - Level 3.0 Invocations


You had 2 spell levels left.
You knew the following spells:

 Your Spells              Type           Power      Damage    Failure   Level
a - Foxfire               Conj/Fire      100%       2x1d9     1%          1
b - Scorch                Fire           100%       2d9       1%          2
c - Flame Wave            Conj/Fire      49%        2d12      1%          4
d - Freezing Cloud        Conj/Ice/Air   17%        6-21      9%          5
e - Poisonous Vapours     Pois/Air       66%        N/A       1%          2

Your spell library contained the following spells:

 Spells                   Type           Power      Damage    Failure   Level
 Sting                    Tmut/Pois      68%        1d6       1%          1
 Cigotuvi's Dreadful Rot  Necr/Pois/Air  46%        N/A       1%          2
 Apportation              Tloc           6%         N/A       4%          1
 Necrotise                Necr           12%        1d4       4%          1
 Summon Small Mammal      Summ           12%        N/A       4%          1
 Ignite Poison            Fire/Tmut/Pois 28%        N/A       1%          3
 Inner Flame              Hex/Fire       27%        N/A       1%          3
 Volatile Blastmotes      Fire/Tloc      54%        2d14      1%          3
 Olgreb's Toxic Radiance  Pois           31%        N/A       4%          4
 Alistair's Intoxication  Tmut/Pois      11%        N/A       32%         5
 Borgnjor's Vile Clutch   Necr/Erth      1%         N/A       67%         5
 Eringya's Noxious Bog    Tmut/Pois      8%         N/A       86%         6


Dungeon Overview and Level Annotations

Branches:
Dungeon (11/15)            Temple (1/1) D:5            Lair (0/5) D:10
  Sewer (visited)
    Orc: D:9-12

Altars:
Ashenzari
Cheibriados
Dithmenos
Elyvilon
Fedhas
Gozag
Hepliaklqana
Kikubaaqudgha
Nemelex Xobeh
Okawaru
Qazlal
Ru
Sif Muna
Trog
Uskayaw
Vehumet
Wu Jian
Xom
Yredelemnul
Zin
The Shining One

Shops:
D:10 (

Annotations:
D:8 3 runed translucent doors, spirit192's ghost, novice MiFi
D:9 2 transporters, exclusion: 2 oklob plants, Ijustatesigmund's ghost, novice GrFi
D:10 exclusion: statue
D:11 Nergalle


Innate Abilities, Weirdness & Mutations

You cannot wear most types of armour.
You are amphibious.
You can wear up to eight rings at the same time.
Your skin changes colour to match your surroundings (Stealth+).
Your rubbery body absorbs attacks. (AC +1, EV +1)
((You are camouflaged when in or above water. (Stealth+)))
You have tentacles for arms and can constrict up to eight enemies at once.


Message History

Fire: C) +7 shortbow of Cuojis {flame, Fragile rN++ Int+3}
Press: ? - help, Q - select action, (/) - cycle Shift-Dir - straight line, f - Nergalle
Aim: Nergalle, wielding a +0 dagger and wearing a +0 robe (65% to hit)
You shoot an arrow. The arrow hits Nergalle.
The arrow burns Nergalle.
Nergalle is lightly wounded.
Nergalle points at you and mumbles some strange words.
Orcish apparitions take form around you.
Casting: Foxfire (safe; 1% risk of failure)
Confirm with . or Enter, or press ? or * to list all spells.
Flames lash the spectral orc knight.
The spectral orc knight is lightly damaged.
The spectral orc knight's fire resistance burns away.
The spectral orc knight attacks as you move away!
The spectral orc knight hits you with a +0 long sword!
You partially resist.
You feel drained.
Nergalle gestures at you while chanting.
Orcish apparitions take form around you.
Casting: Scorch (safe; 1% risk of failure)
Confirm with . or Enter, or press ? or * to list all spells.
Flames lash the spectral orc knight.
The spectral orc knight is burned terribly!
The spectral orc knight is lightly damaged.
Nergalle casts a spell at you.
Orcish apparitions take form around you.
The spectral orc knight completely misses you.
The spectral orc knight barely misses you.
Nergalle casts a spell at the spectral orc knight.
The spectral orc knight seems to speed up.
The spectral orc warlord completely misses you.
The spectral orc knight hits you with a +0 long sword!!
You partially resist.
You feel drained.
The spectral orc knight completely misses you.
As you read the scroll of fog, it crumbles to dust.
The scroll dissolves into smoke.
The spectral orc knight hits you with a +0 long sword!
* * * LOW HITPOINT WARNING * * *
The spectral orc hits you with a +2 mace of protection.
* * * LOW HITPOINT WARNING * * *
The spectral orc warlord hits you with a +0 long sword!!
You die...

###### #....# # #....# .
#. #....##### .. ###..
#........# ...
.....#####§.......# ....
.......§ZZZ..o....# .....
.......§Z@#####...#......
##########.§§#
#...'......
#........#§.§#
#...#....o.
#........'...# #..##
...D. # #........#...#
#..# ....
###.#'########...# #..#
... ...................
...# .B
#########...........#####
. #.......#...........#


You could see Nergalle, a spectral orc (summoned), 2 spectral orc knights and a
spectral orc warlord (summoned).

Vanquished Creatures
  Erolcha (D:11)
  A centaur warrior (D:9)
  A two-headed ogre (D:10)
  A death yak (D:10)
  Joseph (D:7)
  A gargoyle (D:10)
  Prince Ribbit (D:8)
  A wraith (D:9)
  3 steam dragons
  2 vampire mosquitoes (D:8)
  Menkaure (D:6)
  2 water moccasins
  An acid dragon (D:6)
  Duvessa (D:4)
  A sky beast (D:8)
  3 ice beasts
  A black bear (D:5)
  3 orc warriors
  3 centaurs
  3 phantoms
  5 kobold brigands
  3 bullfrogs
  3 scorpions
  A gnoll sergeant (D:10)
  Dowan (D:4)
  4 wights (D:7)
  13 killer bees
  4 howler monkeys
  5 electric eels (D:10)
  6 jellies
  5 orc priests
  4 hounds
  2 gnoll boudas
  2 hell rats (D:10)
  3 iguanas
  2 sleepcaps
  5 orc wizards
  A mummy (D:7)
  24 gnolls
  11 adders
  5 river rats
  3 shadow imps (D:7)
  2 white imps
  3 ufetubi (D:7)
  2 worms
  A dart slug (D:5)
  24 orcs
  4 ball pythons
  8 endoplasms
  9 goblins
  A hobgoblin (D:1)
  8 jackals
  15 kobolds
  2 quokkas
  14 bats
  6 frilled lizards
  9 rats
252 creatures vanquished.

Vanquished Creatures (collateral kills)
  34 foxfires
34 creatures vanquished.

Vanquished Creatures (others)
  909 foxfires
909 creatures vanquished.

Grand Total: 1195 creatures vanquished

Notes
Turn   | Place    | Note
-------+----------+-------------------------------------------
     0 | D:1      | Flubber the Octopode Fire Elementalist began the quest for
                  | the Orb.
     0 | D:1      | Reached XP level 1. HP: 11/11 MP: 3/3
   308 | D:1      | Reached XP level 2. HP: 17/17 MP: 1/5
   975 | D:1      | Reached XP level 3. HP: 20/21 MP: 2/6
  1589 | D:2      | Learned a level 2 spell: Scorch
  1772 | D:2      | Reached XP level 4. HP: 27/27 MP: 1/7
  1872 | D:2      | Learned a level 4 spell: Flame Wave
  2707 | D:2      | Identified the +6 scale mail "Piga" {Will+}
  3128 | D:3      | Reached skill level 4 in Fire Magic
  3129 | D:3      | Reached XP level 5. HP: 28/31 MP: 5/8
  3180 | D:3      | Found a glowing drain.
  3187 | Sewer    | Entered a sewer
  3219 | Sewer    | Noticed a kobold brigand
  3236 | Sewer    | Killed a kobold brigand
  3237 | Sewer    | Reached XP level 6. HP: 36/36 MP: 4/10
  4046 | Sewer    | Reached skill level 5 in Fire Magic
  4365 | D:3      | Reached XP level 7. HP: 41/41 MP: 8/11
  4531 | D:3      | Found a glowing golden altar of the Shining One.
  4857 | D:3      | Reached skill level 5 in Stealth
  5466 | D:4      | Found a sacrificial altar of Ru.
  6049 | D:4      | Found a bloodstained altar of Trog.
  6095 | D:4      | Noticed Duvessa
  6100 | D:4      | Noticed Dowan
  6102 | D:4      | Killed Duvessa
  6297 | D:4      | Killed Dowan
  6298 | D:4      | Reached skill level 6 in Fire Magic
  6491 | D:4      | Found a stormy altar of Qazlal.
  6700 | D:5      | Entered Level 5 of the Dungeon
  6872 | D:5      | Reached XP level 8. HP: 40/46 MP: 6/12
  7275 | D:5      | Found an iron altar of Okawaru.
  7378 | D:5      | Reached skill level 7 in Fire Magic
  7489 | D:5      | Reached skill level 5 in Dodging
  7566 | D:5      | Found a staircase to the Ecumenical Temple.
  7575 | Temple   | Entered the Ecumenical Temple
  7778 | Temple   | Became a worshipper of Sif Muna the Loreminder
  8324 | D:6      | Reached skill level 5 in Conjurations
  8414 | D:6      | Reached skill level 8 in Fire Magic
  8414 | D:6      | Reached XP level 9. HP: 51/51 MP: 7/13
  8467 | D:6      | Noticed Menkaure
  8480 | D:6      | Killed Menkaure
  8781 | D:6      | Found a shadowy altar of Dithmenos.
  8941 | D:6      | Learned a level 5 spell: Freezing Cloud
  8982 | D:7      | Reached skill level 1 in Air Magic
  9043 | D:7      | Found a snail-covered altar of Cheibriados.
  9047 | D:7      | Reached * piety under Sif Muna
  9081 | D:7      | Reached skill level 1 in Ice Magic
 10166 | D:7      | Reached ** piety under Sif Muna
 10250 | D:7      | Found a shimmering altar of Xom.
 10254 | D:7      | Found a shimmering altar of Xom.
 10254 | D:7      | Found a shimmering altar of Xom.
 10341 | D:7      | Noticed Joseph
 10748 | D:7      | Killed Joseph
 10749 | D:7      | Reached XP level 10. HP: 30/56 MP: 1/14
 10937 | D:7      | Reached skill level 5 in Air Magic
 11160 | D:7      | Found an opulent altar of Gozag.
 11289 | D:8      | Found a runed translucent gate.
 11289 | D:8      | Found a runed translucent gate.
 11290 | D:8      | Found a runed translucent gate.
 11290 | D:8      | Found an opulent altar of Gozag.
 11297 | D:8      | Noticed spirit192's ghost (novice MiFi)
 12022 | D:8      | Noticed Prince Ribbit
 12030 | D:8      | Killed Prince Ribbit
 12287 | D:8      | Noticed an anaconda
 12305 | D:8      | an anaconda changed into a great orb of eyes
 12305 | D:8      | Noticed a great orb of eyes (shapeshifter)
 12391 | D:8      | Noticed a radroach
 12485 | D:9      | Reached skill level 1 in Invocations
 12564 | D:9      | Noticed a two-headed ogre
 12567 | D:9      | Noticed Ijustatesigmund's ghost (novice GrFi)
 12570 | D:9      | Noticed a cyclops
 12572 | D:9      | Noticed an oklob plant
 12837 | D:9      | Learned a level 2 spell: Poisonous Vapours
 12957 | D:9      | Noticed a centaur warrior
 12971 | D:9      | Killed a centaur warrior
 13102 | D:9      | Noticed an oklob plant
 13489 | D:9      | Found a transporter.
 13491 | D:9      | Found a transporter.
 13779 | D:9      | Reached *** piety under Sif Muna
 13942 | D:10     | Entered Level 10 of the Dungeon
 14162 | D:10     | Noticed a death yak
 14169 | D:10     | Noticed a death yak
 14172 | D:10     | Noticed a death yak
 14173 | D:10     | Killed a death yak
 14174 | D:10     | Reached skill level 5 in Poison Magic
 14174 | D:10     | Reached XP level 11. HP: 54/61 MP: 0/15
 14699 | D:10     | Found a staircase to the Lair.
 14715 | D:10     | Found Dasettau's Antique Weapon Shop.
 14722 | D:10     | Noticed a two-headed ogre
 14753 | D:10     | Killed a two-headed ogre
 14962 | D:10     | Bought a pitted shortbow for 208 gold pieces
 14962 | D:10     | Identified the +7 shortbow of Cuojis {flame, Fragile rN++
                  | Int+3} (You bought it in a shop on level 10 of the Dungeon)
 15090 | D:10     | Found a radiant altar of Vehumet.
 15334 | D:11     | Noticed Erolcha
 15339 | D:11     | Killed Erolcha
 15340 | D:11     | Reached skill level 9 in Fire Magic
 15464 | D:11     | Noticed Nergalle
 15464 | D:11     | Noticed a boulder beetle
 15478 | D:11     | Noticed a spectral orc warlord
 15479 | D:11     | Mangled by a spectral orc warlord

Illustrated notes

Levels and vault maps discovered:
D:1:      minmay_arrival_doors, layout_rooms, serial_bayou_pond_d,
          roderic_serpentine_path, grunt_decor_arrowhead, minmay_crystal_water,
          minivault_24, st_stairs_12, chequers_serial_rivers_micro_e,
          corexii_hall_statues_x
D:2:      layout_loops_ring, chequers_avenue, cheibrodos_gnoll_hut
D:3:      layout_loops_corners, general_overflow_altar,
          lightli_sewer_entry_pipes, minmay_crystal_room
D:4:      layout_loops_corners, mainiacjoe_overflow_alcove_4,
          amcnicky_altar_gilded, nicolae_overflow_crystal_walls, uniq_duvessa
D:5:      layout_rooms, mainiacjoe_overflow_brackets,
          nicolae_overflow_hidden_temple, minmay_temple_entry_statues_pillars
D:6:      layout_basic, mainiacjoe_overflow_24_doors, uniq_menkaure
D:7:      layout_basic, mainiacjoe_overflow_surrounded_room, slow_altar_1,
          xom_redecorated, serial_demonic, serial_demonic_d, serial_demonic_f,
          serial_demonic_e, serial_demonic_b, uniq_joseph
D:8:      layout_rooms, ebering_ghost_gozag, uniq_prince_ribbit1
D:9:      layout_long_grid, nzn_ghost_randoct
D:10:     layout_basic, vehumet_statue, dpeg_lair_monsters, serial_shops, shop
D:11:     layout_irregular_city, enter_trove_5, uniq_fannar, uniq_nergalle,
          uniq_erolcha
Temple:   bh_familiar_temple

Skill      XL: |  1  2  3  4  5  6  7  8  9 10 11 |
---------------+----------------------------------+-----
Stealth        | 3 4 5 |  5.0
Fire Magic     | 4 5 6 8 9 |  9.1
Conjurations   | 2 3 5 6 7 8 |  8.2
Dodging        | 3 4 5 6 8 |  8.5
Spellcasting   | 3 |  3.0
Air Magic      | 4 6 |  6.0
Ice Magic      | 3 4 |  4.0
Invocations    | 3 |  3.0
Poison Magic   | 5 |  5.2
Ranged Weapons | |  0.9

Action                     |  1- 3 |  4- 6 |  7- 9 | 10-12 || total
---------------------------+-------+-------+-------+-------++-------
  Melee: Unarmed           |     6 |       |       |       ||     6
         Dagger            |    18 |    19 |     1 |       ||    38
         Constrict         |     3 |     6 |     8 |     6 ||    23
         Tentacles         |     1 |     7 |     6 |    10 ||    24
         Mace              |       |       |    27 |     4 ||    31
         Punch             |       |       |     1 |       ||     1
         Broad axe         |       |       |       |    17 ||    17
   Fire: Shortbow          |       |       |       |     2 ||     2
  Throw: Dart              |       |       |    11 |     3 ||    14
   Cast: Foxfire           |    80 |   131 |   266 |   160 ||   637
         Scorch            |     2 |     4 |    43 |    51 ||   100
         Flame Wave        |       |       |     7 |     6 ||    13
         Poisonous Vapours |       |       |       |     7 ||     7
         Freezing Cloud    |       |       |       |     6 ||     6
 Invoke: Channel Magic     |       |       |       |     2 ||     2
  Evoke: Wand              |       |       |     4 |    10 ||    14
    Use: Scroll            |     6 |     5 |     9 |     7 ||    27
         Potion            |       |     2 |     4 |     3 ||     9
   Stab: Sleeping          |     1 |       |     2 |       ||     3
 Armour: Skin              |     6 |     1 |     2 |       ||     9
  Dodge: Dodged            |    15 |    20 |    57 |    54 ||   146

Table legend: (Time is in decaauts)
 A = Elapsed time spent in this place.
 B = Non-inter-level travel time spent in this place.
 C = Inter-level travel time spent in this place.
 D = Time resting spent in this place.
 E = Time spent auto-exploring this place.
 F = Levels seen in this place.
 G = Mean time per level.
                   A        B        C        D        E       F      G
               +--------+--------+--------+--------+--------+-----+--------+
         Total |  15504 |  15107 |    397 |     50 |  12970 |  13 | 1192.6 |
       Dungeon |  14275 |  13923 |    352 |     50 |  11974 |  11 | 1297.7 |
        Temple |    215 |    170 |     45 |      0 |    165 |   1 |  215.0 |
         Sewer |   1013 |   1013 |      0 |      0 |    831 |   1 | 1013.0 |
               +--------+--------+--------+--------+--------+-----+--------+

Top non-repeatable levels by time:
     D:7: 2336 daAuts
     D:9: 1500 daAuts
     D:2: 1482 daAuts
     D:1: 1445 daAuts
     D:3: 1429 daAuts
    D:10: 1383 daAuts
     D:4: 1330 daAuts
     D:8: 1181 daAuts
     D:6: 1038 daAuts
   Sewer: 1013 daAuts
     D:5: 1002 daAuts
  Temple: 215 daAuts
    D:11: 145 daAuts
